TOP OF THE 1ST |
Louisville Bats batting - Pitching for Albuquerque Isotopes : RHP Paulo Guincho
|
Pitching: RHP Paulo Guincho
|
|
Batting: SHB Paul Sandoval
|
0-0: Fly out, F9 (Flyball, 9S, EV 82.5 MPH)
|
Batting: SHB Freddie Farrar
|
0-0: SINGLE (Groundball, 34D, EV 98.1 MPH)
|
Batting: RHB Juan Reyes
|
0-0: Called Strike 0-1: Ball 1-1: Ball 2-1: Ball 3-1: Called Strike 3-2: Fly out, F8 (Line Drive, 78D, EV 95.6 MPH)
|
Batting: RHB Won-jun Park
|
0-0: Foul Ball, location: 2F 0-1: Called Strike 0-2: Ball 1-2: Foul Ball, location: 2F 1-2: Ground out 4-3 (Groundball, 4S, EV 75.6 MPH)
|
Top of the 1st over - 0 runs, 1 hit, 0 errors, 1 left on base; Louisville 0 - Albuquerque 0 |
BOTTOM OF THE 1ST |
Albuquerque Isotopes batting - Pitching for Louisville Bats : LHP Jin Zhui
|
Pitching: LHP Jin Zhui
|
|
Batting: RHB Logan Morgan
|
0-0: Swinging Strike 0-1: Called Strike 0-2: Ball 1-2: Strikes out swinging
|
Batting: RHB Bobby Heagle
|
0-0: Called Strike 0-1: Ball 1-1: Ball 2-1: Swinging Strike 2-2: Foul Ball, location: 2F 2-2: Ball 3-2: Fly out, F8 (Flyball, 8RXD, EV 105.6 MPH)
|
Batting: RHB Chris King
|
0-0: Ball 1-0: Called Strike 1-1: SOLO HOME RUN (Flyball, 9D, EV 97.5 MPH), Distance : 393 ft
|
Batting: RHB Herb McIntyre
|
0-0: Fly out, F8 (Flyball, 8RD, EV 86.2 MPH)
|
Bottom of the 1st over - 1 run, 1 hit, 0 errors, 0 left on base; Louisville 0 - Albuquerque 1 |
TOP OF THE 2ND |
Louisville Bats batting - Pitching for Albuquerque Isotopes : RHP Paulo Guincho
|
Batting: RHB Jonathan Robies
|
0-0: Called Strike 0-1: SINGLE (Line Drive, 34D, EV 95.0 MPH)
|
Batting: RHB Pedro Pinero
|
0-0: Ball 1-0: Foul Ball, location: 2F 1-1: Ball 2-1: DOUBLE (Line Drive, 9LS, EV 108.1 MPH) Jonathan Robies to third
|
Batting: LHB Satoru Handa
|
0-0: Ball 1-0: Swinging Strike 1-1: Foul Ball, location: 2F 1-2: Ball 2-2: Ball 3-2: SINGLE (Groundball, 4M, EV 95.0 MPH) Jonathan Robies scores Pedro Pinero to third Runner from 3rd tries for Home, SAFE, throw by CF to home
|
Batting: RHB Colin Lord
|
0-0: Ball 1-0: Called Strike 1-1: Called Strike 1-2: Ball 2-2: Strikes out swinging
|
Batting: RHB Jay Jacobson
|
0-0: Swinging Strike 0-1: Foul Ball, location: 2F 0-2: Ball 1-2: Grounds into double play, 4-6-3 (Groundball, 4M, EV 93.8 MPH)
|
Top of the 2nd over - 2 runs, 3 hits, 0 errors, 0 left on base; Louisville 2 - Albuquerque 1 |
BOTTOM OF THE 2ND |
Albuquerque Isotopes batting - Pitching for Louisville Bats : LHP Jin Zhui
|
Batting: RHB Eddie McCoy
|
0-0: Ball 1-0: Foul Ball, location: 2F 1-1: Foul Ball, location: 2F 1-2: Ball 2-2: Ball 3-2: Fly out, F9 (Flyball, 89M, EV 83.1 MPH)
|
Batting: LHB Gabe Harvey
|
0-0: Foul Ball, location: 2F 0-1: Ground out 4-3 (Groundball, 4, EV 81.9 MPH)
|
Batting: LHB Adam Hill
|
0-0: Swinging Strike 0-1: Ball 1-1: Swinging Strike 1-2: Strikes out swinging
|
Bottom of the 2nd over - 0 runs, 0 hits, 0 errors, 0 left on base; Louisville 2 - Albuquerque 1 |
TOP OF THE 3RD |
Louisville Bats batting - Pitching for Albuquerque Isotopes : RHP Paulo Guincho
|
Batting: SHB Paul Sandoval
|
0-0: Ball 1-0: Called Strike 1-1: Bunted foul 1-2: Fly out, F2 (Popup, 2RF, EV 50.6 MPH)
|
Batting: SHB Freddie Farrar
|
0-0: Ball 1-0: Ball 2-0: Called Strike 2-1: Ball 3-1: Fly out, F3 (Popup, 23F, EV 84.4 MPH)
|
Batting: RHB Juan Reyes
|
0-0: Ball 1-0: Swinging Strike 1-1: Ball 2-1: Called Strike 2-2: Hit by Pitch
|
Batting: RHB Won-jun Park
|
0-0: Swinging Strike 0-1: Ball 1-1: Ground out 6-3 (Groundball, 6S, EV 81.9 MPH)
|
Top of the 3rd over - 0 runs, 0 hits, 0 errors, 1 left on base; Louisville 2 - Albuquerque 1 |
BOTTOM OF THE 3RD |
Albuquerque Isotopes batting - Pitching for Louisville Bats : LHP Jin Zhui
|
Batting: LHB Pablo Cardona
|
0-0: Called Strike 0-1: Ball 1-1: Called Strike 1-2: Strikes out swinging
|
Batting: SHB Mitchell Greene
|
0-0: Ball 1-0: Ball 2-0: Bunt for hit to 2R - play at first, batter safe!
|
Batting: RHB Logan Morgan
|
0-0: Called Strike 0-1: Ball 1-1: Ball 2-1: Grounds into double play, 5-4-3 (Groundball, 5D, EV 96.9 MPH)
|
Bottom of the 3rd over - 0 runs, 1 hit, 0 errors, 0 left on base; Louisville 2 - Albuquerque 1 |
TOP OF THE 4TH |
Louisville Bats batting - Pitching for Albuquerque Isotopes : RHP Paulo Guincho
|
Batting: RHB Jonathan Robies
|
0-0: Foul Ball, location: 2F 0-1: Fly out, F3 (Popup, 3F, EV 65.0 MPH)
|
Batting: RHB Pedro Pinero
|
0-0: Ball 1-0: Ball 2-0: Called Strike 2-1: Ball 3-1: Called Strike 3-2: Fly out, F4 (Popup, 4S, EV 84.4 MPH)
|
Batting: LHB Satoru Handa
|
0-0: Ball 1-0: Called Strike 1-1: DOUBLE (Line Drive, 78D, EV 100.0 MPH)
|
Batting: RHB Colin Lord
|
0-0: Called Strike 0-1: Fly out, F9 (Flyball, 89M, EV 80.0 MPH)
|
Top of the 4th over - 0 runs, 1 hit, 0 errors, 1 left on base; Louisville 2 - Albuquerque 1 |
BOTTOM OF THE 4TH |
Albuquerque Isotopes batting - Pitching for Louisville Bats : LHP Jin Zhui
|
Batting: RHB Bobby Heagle
|
0-0: Called Strike 0-1: Ball 1-1: Foul Ball, location: 2F 1-2: Ground out U3 (Groundball, 3L, EV 80.0 MPH)
|
Batting: RHB Chris King
|
0-0: Foul Ball, location: 2F 0-1: Ball 1-1: Ball 2-1: Swinging Strike 2-2: Foul Ball, location: 2F 2-2: Foul Ball, location: 2F 2-2: Strikes out swinging, 2-3 out at first.
|
Batting: RHB Herb McIntyre
|
0-0: Ball 1-0: Ball 2-0: Ground out 2-3 (Groundball, 2L, EV 69.4 MPH)
|
Bottom of the 4th over - 0 runs, 0 hits, 0 errors, 0 left on base; Louisville 2 - Albuquerque 1 |
TOP OF THE 5TH |
Louisville Bats batting - Pitching for Albuquerque Isotopes : RHP Paulo Guincho
|
Batting: RHB Jay Jacobson
|
0-0: Ball 1-0: Foul Ball, location: 2F 1-1: Ball 2-1: Ground out 1-3 (Groundball, 15, EV 64.4 MPH)
|
Batting: SHB Paul Sandoval
|
0-0: Foul Ball, location: 2F 0-1: Foul Ball, location: 2F 0-2: Ball 1-2: DOUBLE (Flyball, 8LXD, EV 92.5 MPH)
|
Batting: SHB Freddie Farrar
|
0-0: Ball 1-0: Called Strike 1-1: Fly out, F8 (Flyball, 8LM, EV 77.5 MPH)
|
Batting: RHB Juan Reyes
|
0-0: 2-RUN HOME RUN (Flyball, 78XD, EV 100.0 MPH), Distance : 412 ft
|
Batting: RHB Won-jun Park
|
0-0: Ball 1-0: Ball 2-0: Ground out 5-3 (Groundball, 56, EV 84.4 MPH)
|
Top of the 5th over - 2 runs, 2 hits, 0 errors, 0 left on base; Louisville 4 - Albuquerque 1 |
BOTTOM OF THE 5TH |
Albuquerque Isotopes batting - Pitching for Louisville Bats : LHP Jin Zhui
|
Batting: RHB Eddie McCoy
|
0-0: Swinging Strike 0-1: Ball 1-1: Ball 2-1: Ball 3-1: SOLO HOME RUN (Flyball, 7LD, EV 96.2 MPH), Distance : 339 ft
|
Batting: LHB Gabe Harvey
|
0-0: Foul Ball, location: 2F 0-1: Ball 1-1: SINGLE (Groundball, 34D, EV 105.6 MPH) (infield hit)
|
Batting: LHB Adam Hill
|
0-0: Called Strike 0-1: Ball 1-1: Ball 2-1: Foul Ball, location: 2F 2-2: Strikes out swinging
|
Batting: LHB Pablo Cardona
|
0-0: Fielders Choice at 2nd, 1-6 (Groundball, 34S, EV 68.1 MPH)
|
Batting: SHB Mitchell Greene
|
0-0: SINGLE (Line Drive, 8RS, EV 88.8 MPH) Pablo Cardona to second Runner from 2nd tries for 3rd, SAFE, throw by CF made to third
|
Batting: RHB Logan Morgan
|
0-0: Called Strike 0-1: Called Strike 0-2: Ball 1-2: Strikes out swinging
|
Bottom of the 5th over - 1 run, 3 hits, 0 errors, 2 left on base; Louisville 4 - Albuquerque 2 |
TOP OF THE 6TH |
Louisville Bats batting - Pitching for Albuquerque Isotopes : RHP Paulo Guincho
|
Batting: RHB Jonathan Robies
|
0-0: Ball 1-0: SINGLE (Flyball, 8LS, EV 90.0 MPH)
|
Batting: RHB Pedro Pinero
|
0-0: Called Strike Jonathan Robies steals 2nd base 0-1: Swinging Strike 0-2: Ball 1-2: Foul Ball, location: 2F 1-2: Ball 2-2: Ground out 1-3 (Groundball, 13S, EV 73.8 MPH) Jonathan Robies to third
|
Batting: LHB Satoru Handa
|
0-0: Ball 1-0: TRIPLE (Line Drive, 78XD, EV 106.9 MPH) Jonathan Robies scores
|
Pitching: LHP Chad Persaud
|
|
Batting: RHB Colin Lord
|
0-0: Ball 1-0: Ball 2-0: Called Strike 2-1: Ball 3-1: Foul Ball, location: 2F 3-2: Strikes out swinging
|
Batting: RHB Jay Jacobson
|
0-0: Ball 1-0: Ground out 1-3 (Groundball, 13, EV 65.0 MPH)
|
Top of the 6th over - 1 run, 2 hits, 0 errors, 1 left on base; Louisville 5 - Albuquerque 2 |
BOTTOM OF THE 6TH |
Albuquerque Isotopes batting - Pitching for Louisville Bats : LHP Jin Zhui
|
Batting: RHB Bobby Heagle
|
0-0: Ball 1-0: Ball 2-0: Ball 3-0: Called Strike 3-1: Base on Balls
|
Batting: RHB Chris King
|
0-0: Ball 1-0: Ball 2-0: Ball 3-0: Called Strike 3-1: Fielders Choice at 2nd, 2-4 (Groundball, 15S, EV 76.9 MPH)
|
Batting: RHB Herb McIntyre
|
0-0: Called Strike 0-1: Fly out, F8 (Flyball, 8LXD, EV 104.4 MPH)
|
Batting: RHB Eddie McCoy
|
0-0: Called Strike 0-1: Ball 1-1: Ball 2-1: Ball 3-1: Foul Ball, location: 2F 3-2: Foul Ball, location: 2F 3-2: Foul Ball, location: 2F 3-2: Base on Balls Chris King to second
|
Batting: LHB Gabe Harvey
|
0-0: Foul Ball, location: 2F 0-1: Swinging Strike 0-2: Ball 1-2: Ball 2-2: Foul Ball, location: 2F 2-2: Strikes out swinging
|
Bottom of the 6th over - 0 runs, 0 hits, 0 errors, 2 left on base; Louisville 5 - Albuquerque 2 |
TOP OF THE 7TH |
Louisville Bats batting - Pitching for Albuquerque Isotopes : LHP Chad Persaud
|
Batting: SHB Paul Sandoval
|
0-0: Called Strike 0-1: Fly out, F9 (Flyball, 9D, EV 90.0 MPH)
|
Batting: SHB Freddie Farrar
|
0-0: Ball 1-0: Ball 2-0: Ball 3-0: Called Strike 3-1: Base on Balls
|
Batting: RHB Juan Reyes
|
0-0: Ground out 5-3 (Groundball, 56, EV 107.5 MPH) Freddie Farrar to second
|
Batting: RHB Won-jun Park
|
0-0: Ground out 6-3 (Groundball, 6, EV 84.4 MPH)
|
Top of the 7th over - 0 runs, 0 hits, 0 errors, 1 left on base; Louisville 5 - Albuquerque 2 |
BOTTOM OF THE 7TH |
Albuquerque Isotopes batting - Pitching for Louisville Bats : LHP Jin Zhui
|
Pitching: RHP Tim Beck
|
|
Batting: LHB Adam Hill
|
0-0: Ball 1-0: Ball 2-0: Foul Ball, location: 2F 2-1: SINGLE (Line Drive, 8LS, EV 108.1 MPH)
|
Batting: LHB Pablo Cardona
|
0-0: Ball 1-0: Ball 2-0: Sac Bunt to 23 - play at first, batter OUT! 3-4 Adam Hill to second
|
Batting: SHB Mitchell Greene
|
0-0: Called Strike 0-1: Ball 1-1: Ball 2-1: Fly out, F9 (Flyball, 9S, EV 89.4 MPH)
|
Batting: RHB Logan Morgan
|
0-0: Ball 1-0: Swinging Strike 1-1: Called Strike 1-2: Foul Ball, location: 2F 1-2: SINGLE (Groundball, 56S, EV 68.8 MPH) (infield hit) Adam Hill to third
|
Batting: RHB Bobby Heagle
|
0-0: Called Strike 0-1: Foul Ball, location: 2F 0-2: Strikes out swinging
|
Bottom of the 7th over - 0 runs, 2 hits, 0 errors, 2 left on base; Louisville 5 - Albuquerque 2 |
TOP OF THE 8TH |
Louisville Bats batting - Pitching for Albuquerque Isotopes : LHP Chad Persaud
|
Batting: RHB Jonathan Robies
|
0-0: Called Strike 0-1: Ball 1-1: Ball 2-1: Ball 3-1: Base on Balls
|
Batting: RHB Pedro Pinero
|
0-0: Ball 1-0: Bunted foul 1-1: Bunted foul 1-2: Ball 2-2: SINGLE (Flyball, 4MD, EV 96.2 MPH) Jonathan Robies to second
|
Batting: LHB Satoru Handa
|
0-0: Called Strike 0-1: Fielders Choice at 2nd, 1-6 (Groundball, 34S, EV 68.8 MPH) Jonathan Robies to third
|
Batting: RHB Colin Lord
|
0-0: Called Strike 0-1: Called Strike 0-2: Ball 1-2: Foul Ball, location: 2F 1-2: Ball 2-2: Ball Satoru Handa steals 2nd base (no throw) 3-2: Fly out, F7 (Flyball, 7LS, EV 87.5 MPH)
|
Batting: RHB Jay Jacobson
|
0-0: Called Strike 0-1: Called Strike 0-2: Foul Ball, location: 2F 0-2: Ball 1-2: Strikes out looking
|
Top of the 8th over - 0 runs, 1 hit, 0 errors, 2 left on base; Louisville 5 - Albuquerque 2 |
BOTTOM OF THE 8TH |
Albuquerque Isotopes batting - Pitching for Louisville Bats : RHP Tim Beck
|
Pitching: RHP Dave Kurtz
|
|
Batting: RHB Chris King
|
0-0: Foul Ball, location: 2F 0-1: Foul Ball, location: 2F 0-2: DOUBLE (Groundball, 5L, EV 103.8 MPH)
|
Batting: RHB Herb McIntyre
|
0-0: Ball 1-0: Ball 2-0: Called Strike 2-1: Swinging Strike 2-2: Ground out 4-3 (Groundball, 4, EV 101.9 MPH) Chris King to third
|
Batting: RHB Eddie McCoy
|
0-0: Ball 1-0: Ball 2-0: Called Strike 2-1: Called Strike 2-2: Strikes out swinging
|
Batting: LHB Gabe Harvey
|
0-0: Foul Ball, location: 2F 0-1: Ball 1-1: Called Strike 1-2: Strikes out looking
|
Bottom of the 8th over - 0 runs, 1 hit, 0 errors, 1 left on base; Louisville 5 - Albuquerque 2 |
TOP OF THE 9TH |
Louisville Bats batting - Pitching for Albuquerque Isotopes : LHP Chad Persaud
|
Pitching: RHP Justin Judson
|
|
Batting: SHB Paul Sandoval
|
0-0: Swinging Strike 0-1: Foul Ball, location: 2F 0-2: Foul Ball, location: 2F 0-2: Fly out, F8 (Flyball, 8RM, EV 80.0 MPH)
|
Batting: SHB Freddie Farrar
|
0-0: Foul Ball, location: 2F 0-1: Ball 1-1: Ball 2-1: Called Strike 2-2: Ground out 4-3 (Groundball, 4, EV 76.9 MPH)
|
Batting: RHB Juan Reyes
|
0-0: Ball 1-0: Foul Ball, location: 2F 1-1: Swinging Strike 1-2: DOUBLE (Groundball, 5L, EV 95.0 MPH)
|
Batting: RHB Won-jun Park
|
0-0: SINGLE (Groundball, 5S, EV 65.0 MPH) (infield hit) Juan Reyes to third
|
Batting: RHB Jonathan Robies
|
0-0: Ball 1-0: Called Strike 1-1: Foul Ball, location: 2F 1-2: Foul Ball, location: 2F 1-2: Ball 2-2: Strikes out swinging
|
Top of the 9th over - 0 runs, 2 hits, 0 errors, 2 left on base; Louisville 5 - Albuquerque 2 |
BOTTOM OF THE 9TH |
Albuquerque Isotopes batting - Pitching for Louisville Bats : RHP Dave Kurtz
|
Pitching: RHP Giovonni Morgia
|
|
Batting: LHB Adam Hill
|
0-0: Ball 1-0: Foul Ball, location: 2F 1-1: SINGLE (Groundball, 4MD, EV 101.2 MPH)
|
Batting: LHB Pablo Cardona
|
0-0: Called Strike 0-1: Swinging Strike 0-2: Ball 1-2: Foul Ball, location: 2F 1-2: Foul Ball, location: 2F 1-2: Ball 2-2: Ball 3-2: Base on Balls Adam Hill to second
|
Batting: SHB Mitchell Greene
|
0-0: Ball 1-0: Called Strike 1-1: Ball 2-1: Called Strike 2-2: Ball 3-2: Strikes out swinging
|
Batting: RHB Logan Morgan
|
0-0: Ball 1-0: Foul Ball, location: 2F 1-1: Ball 2-1: Swinging Strike 2-2: Grounds into double play, 6-4-3 (Groundball, 6, EV 88.8 MPH)
|
Bottom of the 9th over - 0 runs, 1 hit, 0 errors, 1 left on base; Louisville 5 - Albuquerque 2 |
|